 Dungeon Crawl Stone Soup version 0.28.0-43-g3370ac3207 (webtiles) character file.

Game seed: 17728156601829834306

5820 zeratav the Covert (level 10, -7/48 (49) HPs)
             Began as a Spriggan Enchanter on Mar 31, 2022.
             Was a Priest of Wu Jian.
             Mangled by Gastronok (32 damage)
             ... on level 8 of the Dungeon.
             The game lasted 00:38:44 (8634 turns).

zeratav the Covert (Spriggan Enchanter)             Turns: 8634, Time: 00:38:45

HP:   -7/48 (49)    AC:  5    Str:  4    XL:     10   Next: 51%
MP:   22/22         EV: 24    Int: 21    God:    Wu Jian [***...]
Gold: 299           SH:  7    Dex: 22    Spells: 19/24 levels left

rFire   . . .      SeeInvis +   a - +2 dagger (elec)
rCold   . . .      Faith    .   F - +0 buckler
rNeg    . . .      Spirit   .   E - +2 robe {Archmagi}
rPois   .          Reflect  .   (helmet restricted)
rElec   .          Harm     .   z - +0 cloak
rCorr   .          Rampage  .   (gloves unavailable)
Will    +....      Archmagi +   (boots unavailable)
Stlth   ++++++....              p - amulet of the acrobat
HPRegen 0.16/turn               s - +4 ring of evasion
MPRegen 0.18/turn               w - +6 ring of dexterity

@: lightly drained, invisible, very quick
A: very small, no large weapons, unfitting armour, see invisible, speed 3
a: Renounce Religion, Wall Jump, Serpent's Lash


You were on level 8 of the Dungeon.
You worshipped Wu Jian.
Wu Jian was most pleased with you.
You visited 2 branches of the dungeon, and saw 9 of its levels.
You also visited: Sewer and Bailey.

You collected 402 gold pieces.
You spent 103 gold pieces at shops.

Inventory:

Hand Weapons
 a - a +2 dagger of electrocution (weapon)
 m - the +10 halberd "Pugrubre" {flame, rF+ Int+5 Dex-3}
   (You found it on level 8 of the Dungeon)

   It burns those it strikes, dealing additional fire damage.
   Big, fiery blades are also staple armaments of hydra-hunters.
   Int:       It affects your intelligence (+5).
   Dex:       It affects your dexterity (-3).
   rF:        It protects you from fire.
 n - a +0 fustibalus
Missiles
 e - 6 poisoned darts (quivered)
 j - 138 stones
 u - 83 sling bullets
Armour
 b - a +0 robe
 z - a +0 cloak (worn)
 D - +0 acid dragon scales
 E - a +2 robe of the Archmagi (worn)
 F - a +0 buckler (worn)
Jewellery
 p - an amulet of the acrobat (around neck)
 s - a +4 ring of evasion (left hand)
 w - a +6 ring of dexterity (right hand)
 y - a ring of willpower
 A - a ring of poison resistance
Wands
 v - a wand of paralysis (4)
 B - a wand of digging (6)
Scrolls
 d - 2 scrolls of teleportation
 g - 3 scrolls of enchant armour
 t - a scroll of vulnerability
 x - 2 scrolls of immolation
 C - a scroll of amnesia
Potions
 c - 5 potions of invisibility
 f - 4 potions of flight
 h - 3 potions of heal wounds
 i - 3 potions of haste
 k - 5 potions of curing
 l - 3 potions of cancellation {unknown}
 o - a potion of berserk rage {unknown}
 q - a potion of degeneration {unknown}
 r - 4 potions of magic
 G - a potion of lignification {unknown}
 H - a potion of brilliance {unknown}
 I - a potion of mutation {unknown}


   Skills:
 + Level 3.0 Fighting
 * Level 7.0 Short Blades
 + Level 2.0 Armour
 + Level 5.2 Dodging
 + Level 13.1 Stealth
 + Level 2.0 Shields
 + Level 7.8 Spellcasting
 + Level 7.7 Hexes
 + Level 5.5 Ice Magic
 + Level 4.0 Earth Magic


You had 19 spell levels left.
You knew the following spells:

 Your Spells              Type           Power      Damage    Failure   Level
a - Ensorcelled Hibernat  Hex/Ice        100%       N/A       1%          2
b - Confusing Touch       Hex            57%        N/A       1%          3

Your spell library contained the following spells:

 Spells                   Type           Power      Damage    Failure   Level
 Tukima's Dance           Hex            57%        N/A       1%          3
 Dazzling Flash           Conj/Hex       72%        N/A       11%         3
 Animate Skeleton         Necr           24%        N/A       17%         1
 Pain                     Necr           48%        1d6       17%         1
 Vampiric Draining        Necr           12%        2d6       45%         3


Dungeon Overview and Level Annotations

Branches:
Dungeon (8/15)             Temple (1/1) D:4           Sewer (visited)
 Bailey (visited)
   Lair: D:8-11

Altars:
Ashenzari
Cheibriados
Dithmenos
Elyvilon
Fedhas
Gozag
Hepliaklqana
Kikubaaqudgha
Makhleb
Nemelex Xobeh
Okawaru
Qazlal
Ru
Sif Muna
Uskayaw
Vehumet
Wu Jian
Xom
Yredelemnul
Zin
The Shining One

Shops:
D:5 *[   D:7 [

Annotations:
D:8 Gastronok


Innate Abilities, Weirdness & Mutations

You are very small and have problems with some larger weapons.
You are too small for most types of armour.
You have supernaturally acute eyesight. (SInv)
You cover ground extremely quickly. (Speed+++)


Message History

You hit Gastronok.
Gastronok is severely wounded.
You hear a shout!
The river rat completely misses you.
The rat twitches its whiskers.
The quokka bites you but does no damage.
You fade into invisibility!
You block the river rat's attack. The rat closely misses you.
The quokka closely misses you. Gastronok bites you!
* * * LOW HITPOINT WARNING * * *
You feel much better. The river rat completely misses you.
The rat bites you but does no damage. The quokka misses you.
You spin and attack Gastronok.
You hit Gastronok.
Gastronok is severely wounded.
You spin to attack the rat, but your attack speed is too slow for a blow to land.
You spin to attack the river rat, but your attack speed is too slow for a blow to land.
You block the rat's attack.
Gastronok chants a spell, wobbling all the while.
Gastronok puts on a burst of speed!
You wobble.
You hit Gastronok.
Gastronok is severely wounded.
You hit Gastronok.
Gastronok is severely wounded.
Gastronok waves his eye-stalks in wide circles.
The air twists around and strikes you!!
Ouch! That really hurt!
You feel better.
You hit Gastronok.
Gastronok is severely wounded.
You block Gastronok's attack.
You hit Gastronok. Lightning courses through Gastronok!
Gastronok is severely wounded.
You hit Gastronok.
Gastronok is severely wounded.
You hit Gastronok but do no damage.
Gastronok is severely wounded.
Gastronok bites you!!
Ouch! That really hurt!
You die...

##........# #.........#
##.........#
#..........#
#..........#
####........## #
###.....###..## .#
####....#### #### (.#
####w@..#### ...#
####....###############
....#####.....###
#.........#
....r..wo...###
#.........#
......r..####
##........# .....o.###
#........# .......#
#........# .......#
##.......## ....##.##
#......#.#


You could see Gastronok (swift).

Vanquished Creatures
  Maggie (D:6)
  Sigmund (D:3)
  Menkaure (D:6)
  A water moccasin (D:7)
  Pargi (Sewer)
  2 orc warriors
  2 black bears (D:5)
  An ogre (D:6)
  A centaur (D:6)
  A gnoll sergeant (D:7)
  2 bullfrogs (D:7)
  12 killer bees
  5 jellies
  3 hounds
  4 orc priests
  5 iguanas
  A centaur skeleton (D:6)
  5 orc wizards
  16 gnolls
  4 adders
  2 shadow imps
  3 white imps (D:6)
  An ufetubus (D:6)
  An adder zombie (D:5)
  4 worms
  5 dart slugs
  27 orcs
  6 endoplasms
  3 giant cockroaches
  3 goblins
  4 hobgoblins
  7 kobolds
  3 quokkas
  7 ball pythons
  7 bats
  5 frilled lizards
  10 rats
167 creatures vanquished.

Vanquished Creatures (collateral kills)
  A rat (D:3)
1 creature vanquished.

Grand Total: 168 creatures vanquished

Notes
Turn   | Place    | Note
-------+----------+-------------------------------------------
     0 | D:1      | zeratav the Spriggan Enchanter began the quest for the Orb.
     0 | D:1      | Reached XP level 1. HP: 9/9 MP: 5/5
   148 | D:1      | Reached XP level 2. HP: 12/13 MP: 7/7
   151 | D:1      | Learned a level 2 spell: Ensorcelled Hibernation
  1018 | D:2      | Reached skill level 5 in Stealth
  1020 | D:2      | Found a faded altar of an unknown god.
  1189 | D:2      | Reached XP level 3. HP: 16/16 MP: 1/8
  2353 | D:2      | Reached skill level 6 in Stealth
  2353 | D:2      | Reached XP level 4. HP: 21/21 MP: 7/10
  2441 | D:3      | Noticed Sigmund
  2446 | D:3      | Killed Sigmund
  2447 | D:3      | Reached skill level 7 in Stealth
  2447 | D:3      | Reached skill level 1 in Ice Magic
  2447 | D:3      | Reached XP level 5. HP: 24/24 MP: 8/11
  3086 | D:3      | Learned a level 3 spell: Confusing Touch
  3198 | D:3      | Reached XP level 6. HP: 28/28 MP: 8/13
  3924 | D:4      | Found a staircase to the Ecumenical Temple.
  3931 | Temple   | Entered the Ecumenical Temple
  4025 | Temple   | Became a worshipper of the Wu Jian Council
  4640 | D:4      | Reached skill level 8 in Stealth
  4747 | D:5      | Entered Level 5 of the Dungeon
  4781 | D:5      | Reached XP level 7. HP: 32/32 MP: 11/14
  4944 | D:5      | Found Foblas's Antique Armour Shoppe.
  4955 | D:5      | Reached skill level 9 in Stealth
  5575 | D:5      | Found Saixt's General Store.
  5826 | D:6      | Reached * piety under Wu Jian
  5835 | D:6      | Reached XP level 8. HP: 37/37 MP: 11/16
  5857 | D:6      | Reached skill level 5 in Spellcasting
  5860 | D:6      | Found a glowing drain.
  5907 | Sewer    | Entered a sewer
  6033 | Sewer    | Noticed Pargi
  6039 | Sewer    | Killed Pargi
  6040 | Sewer    | Reached skill level 10 in Stealth
  6040 | Sewer    | Reached skill level 5 in Hexes
  6433 | D:6      | Noticed Maggie
  6447 | D:6      | Killed Maggie
  6448 | D:6      | Reached skill level 11 in Stealth
  6854 | D:6      | Reached skill level 1 in Fighting
  6871 | D:6      | Noticed Menkaure
  6877 | D:6      | Killed Menkaure
  7120 | D:7      | Reached XP level 9. HP: 41/41 MP: 7/19
  7133 | D:7      | Reached ** piety under Wu Jian
  7253 | D:7      | Found Puakuq's Antique Armour Shop.
  7266 | D:7      | Bought a glowing robe for 103 gold pieces
  7952 | D:8      | Reached skill level 12 in Stealth
  7954 | D:8      | Found a flagged portal.
  7969 | D:8      | Reached skill level 5 in Short Blades
  8152 | D:8      | Identified the +10 halberd "Pugrubre" {flame, rF+ Int+5
                  | Dex-3}
  8156 | Bailey   | Entered a bailey
  8336 | Bailey   | Reached skill level 5 in Dodging
  8336 | Bailey   | Reached skill level 13 in Stealth
  8336 | Bailey   | Reached skill level 5 in Ice Magic
  8336 | Bailey   | Reached XP level 10. HP: 49/49 MP: 20/22
  8457 | Bailey   | Reached *** piety under Wu Jian
  8579 | D:8      | Noticed Gastronok
  8634 | D:8      | Mangled by Gastronok

Illustrated notes

Levels and vault maps discovered:
D:1:      tarquinn_simple_flora_water_b, layout_loops_ring
D:2:      layout_loops_ring, serial_rivers, chequers_serial_rivers_large_b,
          chequers_serial_rivers_room_b, chequers_serial_rivers_small_b,
          chequers_serial_rivers_micro_b, chequers_ecumenical_altar_simple
D:3:      layout_rooms, uniq_sigmund
D:4:      layout_gridville, temple_green
D:5:      layout_loops_corners, serial_shops, kennysheep_little_box, shop
D:6:      layout_rooms, cheibrodos_sewer_entry_drain, uniq_maggie,
          uniq_crazy_yiuf_cottage, uniq_menkaure
D:7:      layout_rooms, serial_shops, shop, hex_medium
D:8:      layout_cave_pods, enter_bailey_2, kennysheep_generic_room_13,
          uniq_gastronok
Temple:   minmay_crystal_snake_temple

Skill      XL: |  1  2  3  4  5  6  7  8  9 |
---------------+----------------------------+-----
Spellcasting   | 3 4 6 7 |  7.8
Hexes          | 4 6 7 |  7.7
Stealth        | 5 6 7 8 9 11 13 | 13.1
Ice Magic      | 1 3 4 5 |  5.5
Short Blades   | 3 4 7 |  7.0
Dodging        | 3 5 |  5.2
Fighting       | 1 3 |  3.0
Armour         | 2 |  2.0
Shields        | 2 |  2.0
Earth Magic    | 4 |  4.0

Action                   |  1- 3 |  4- 6 |  7- 9 | 10-12 || total
-------------------------+-------+-------+-------+-------++-------
Melee: Dagger            |    51 |    52 |   158 |    35 ||   296
 Cast: Ensorcelled Hiber |    25 |    38 |    58 |     8 ||   129
       Confusing Touch   |       |       |     5 |       ||     5
Invok: Lunge             |       |     3 |    25 |     6 ||    34
       Whirlwind         |       |       |     6 |     1 ||     7
  Use: Scroll            |     1 |     7 |     3 |     3 ||    14
       Potion            |       |       |     1 |     3 ||     4
 Stab: Sleeping          |    34 |    30 |    62 |    11 ||   137
       Confused          |       |       |     2 |       ||     2
Armor: Robe              |     4 |       |    11 |     2 ||    17
Dodge: Dodged            |    21 |    21 |   113 |    20 ||   175
Block: Buckler           |       |       |    12 |    11 ||    23
